 Dungeon Crawl Stone Soup version 0.20-a0-901-g27f6fa8 (webtiles) character file.

5103 4thArraOfDagon the Spear-Bearer (level 10, -1/79 HPs)
             Began as a Formicid Hunter on Mar 19, 2017.
             Was an Initiate of Gozag.
             Slain by a hornet (10 damage)
             ... on level 9 of the Dungeon.
             The game lasted 00:32:10 (7402 turns).

4thArraOfDagon the Spear-Bearer (Formicid Hunter)   Turns: 7402, Time: 00:32:11

Health: -1/79      AC: 14    Str: 17    XL:     10   Next: 87%
Magic:  10/10      EV:  8    Int: 13    God:    Gozag
Gold:   638        SH: 11    Dex: 12    Spells: 8/9 levels left

rFire    . . .     SeeInvis +   q - +3 halberd (curse)
rCold    . . .     Gourm    .   w - +0 chain mail (curse)
rNeg     . . .     Faith    .   p - +0 shield
rPois    .         Spirit   .   (helmet unavailable)
rElec    .         Reflect  +   B - +0 cloak
rCorr    .         Harm     .   (no gloves)
MR       +++..                  I - +1 pair of boots
Stlth    ..........             o - +2 amulet of reflection
Regen    0.3/turn               J - ring of protection from magic
MPRegen  0.2/turn               u - ring of wizardry

@: lethally poisoned (-1 -> -13)
A: permanent stasis, dig shafts and tunnels, four strong arms, antennae 3, magic
resistance 1, sense surroundings 1, evolution 1
a: Dig, Shaft Self, Potion Petition, Call Merchant, Bribe Branch, Renounce
Religion


You were on level 9 of the Dungeon.
You worshipped Gozag.
Gozag was pleased with you.
You were not hungry.

You visited 2 branches of the dungeon, and saw 12 of its levels.

You collected 890 gold pieces.
You spent 60 gold pieces at shops.
You paid 192 gold pieces to Gozag.

Inventory:

Hand Weapons
 a - a +0 short sword
 q - a cursed +3 halberd (weapon)
Missiles
 c - 4 javelins (quivered)
Armour
 b - a +0 leather armour
 i - a +0 chain mail
 p - a +0 shield (worn)
 w - a cursed +0 chain mail (worn)
 B - a +0 cloak (worn)
 I - a +1 pair of boots (worn)
 L - a cursed +0 ring mail
Jewellery
 o - a +2 amulet of reflection (around neck)
 u - a ring of wizardry (left hand)
 F - an uncursed amulet of rage
 J - a ring of protection from magic (right hand)
Wands
 d - a wand of random effects (24/48)
 z - a wand of polymorph (6/24)
Scrolls
 k - 2 scrolls of recharging {unknown}
 l - 9 scrolls of identify
 m - 2 scrolls of teleportation
 n - 2 scrolls of fear {unknown}
 t - 3 scrolls of remove curse {unknown}
 v - 4 scrolls of immolation {unknown}
 x - a scroll of fog {unknown}
 y - 2 scrolls of enchant armour {unknown}
 A - a scroll of blinking {unknown}
 H - a scroll of noise {unknown}
Potions
 e - 3 potions of cancellation
 h - a potion of lignification
 j - 6 potions of curing
 r - 2 potions of might
 s - 2 potions of heal wounds
 C - 2 potions of flight
 D - 2 potions of agility {unknown}
 E - 2 potions of brilliance {unknown}
 G - 2 potions of invisibility {unknown}
 K - a potion of ambrosia {unknown}
Comestibles
 f - 4 bread rations
 g - 3 meat rations


   Skills:
 - Level 7.0 Fighting
 * Level 10.0 Polearms
 - Level 4.0 Throwing
 + Level 6.6 Armour
 + Level 5.7 Dodging
 - Level 1.2 Stealth
 * Level 5.2 Shields


You had 8 spell levels left.
You knew the following spells:

 Your Spells              Type           Power        Failure   Level  Hunger
a - Apportation           Tloc           #.....       99%         1    ##.....


Dungeon Overview and Level Annotations

Branches:
Dungeon (11/15)            Temple (1/1) D:4
   Lair: D:8-11         Orc: D:9-12

Altars:
Ashenzari
Cheibriados
Dithmenos
Elyvilon
Fedhas
Gozag
Hepliaklqana
Kikubaaqudgha
Makhleb
Nemelex Xobeh
Okawaru
Qazlal
Ru
Sif Muna
Trog
Uskayaw
Vehumet
Wu Jian
Xom
Yredelemnul
Zin
The Shining One

Shops:
D:5 ?


Innate Abilities, Weirdness & Mutations

You cannot be hasted, slowed, berserked, paralysed or teleported.
You can dig through walls and to a lower floor.
Your four strong arms can wield two-handed weapons with a shield.
You have a pair of large antennae on your head. (SInv)
You are resistant to hostile enchantments. (MR+)
You passively map a small area around you.
You evolve.


Message History

The hornet stings you but does no damage.
You block the hornet's attack.
You miss the hornet.
The hornet is severely wounded.
You feel sick. You block the hornet's attack.
You completely miss the hornet.
The hornet is severely wounded.
The hornet stings you.
* * * LOW HITPOINT WARNING * * *
You are more poisoned.
Your stasis prevents you from being paralysed.
The hornet stings you!
* * * LOW HITPOINT WARNING * * *
Your stasis prevents you from being slowed.
You closely miss the hornet.
The hornet is severely wounded.
* * * LOW HITPOINT WARNING * * *
You feel sick. The hornet stings you!
You die...
Your body crumbles into a pile of gold.

########.##
#.........############
#.####...............#
#######.# ##..>##.#######.#
#.......# ######.#.## #.#
#.#.#######.#.##.#..# #.# *
#.....# #.#.#....#.# #.#
###.###,,+#y#.##..#.# #.#
#.######.#@#.#..#.# #.## ,
#####......#######..#.# *
#... .
#.........##........#.#
###.
.##(###....###..........#
*{ *#.
......(...<............+...
,, #.
##..#.#.................###
#.
#.#.......#####.......#.# *
**#.
.####.######..........#.#
#. ## #.# #.####...#.#.# #.


You could see a hornet.

Vanquished Creatures
  A centaur zombie (D:10)
  Grinder (D:3)
  A hornet (D:9)
  4 wraiths
  Grum (D:8)
  2 hungry ghosts
  A soldier ant (D:9)
  2 ice beasts (D:6)
  A sky beast (D:8)
  3 wolves
  3 centaurs
  A phantom (D:5)
  An ogre (D:4)
  4 bullfrogs
  5 scorpions
  A jelly (D:5)
  4 killer bees (D:7)
  8 wights
  A howler monkey (D:7)
  2 crimson imps
  3 human zombies (D:7)
  5 orc priests
  A bullfrog skeleton (D:5)
  2 bullfrog zombies
  6 orc wizards
  3 hounds
  A centaur skeleton (D:10)
  2 human skeletons (D:7)
  Jessica (D:3)
  9 worker ants
  2 hound skeletons
  A hound zombie (D:7)
  A worker ant zombie (D:6)
  5 gnolls
  6 adders
  2 oozes
  2 adder zombies
  A worm (D:4)
  The ghost of 4thArraOfDagon the Skirmisher, a weakling FoMo (D:4)
  A leopard gecko (D:7)
  17 orcs
  7 giant cockroaches
  4 goblins
  6 hobgoblins
  2 jackals (D:2)
  6 kobolds
  3 quokkas
  2 ball pythons
  4 bats
  5 frilled lizards
  A leopard gecko skeleton (D:5)
  A quokka skeleton (D:8)
  4 rats
164 creatures vanquished.

Vanquished Creatures (others)
  A kobold (D:3)
1 creature vanquished.

Grand Total: 165 creatures vanquished

Notes
Turn   | Place    | Note
-------+----------+-------------------------------------------
     0 | D:1      | 4thArraOfDagon the Formicid Hunter began the quest for the Orb.
     0 | D:1      | Reached XP level 1. HP: 16/16 MP: 1/1
   152 | D:2      | Found a burning altar of Makhleb.
   152 | D:2      | Found a shattered altar of Ashenzari.
   212 | D:2      | Reached XP level 2. HP: 24/24 MP: 2/2
   228 | D:2      | You fall through a shaft!
   231 | D:3      | Noticed Grinder
   231 | D:3      | You fall through a shaft for 2 floors!
   231 | D:5      | Entered Level 5 of the Dungeon
   252 | D:5      | Noticed a phantom
   260 | D:5      | Noticed a scorpion
   285 | D:5      | Found a shadowy altar of Dithmenos.
   326 | D:4      | Noticed an ogre
   328 | D:4      | Killed an ogre
   328 | D:4      | Reached skill level 5 in Fighting
   328 | D:4      | Reached XP level 3. HP: 33/33 MP: 3/3
   328 | D:4      | Reached XP level 4. HP: 39/39 MP: 4/4
   379 | D:5      | Found a bloodstained altar of Trog.
   401 | D:5      | You fall through a shaft for 2 floors!
   442 | D:7      | Reached XP level 5. HP: 44/44 MP: 5/5
   524 | D:8      | Reached skill level 1 in Polearms
   524 | D:8      | Reached XP level 6. HP: 22/52 MP: 6/6
   668 | D:8      | Reached skill level 2 in Polearms
   713 | D:8      | Found a hazy altar of Hepliaklqana.
   724 | D:7      | Reached skill level 3 in Polearms
  1075 | D:7      | Reached XP level 7. HP: 50/59 MP: 7/7
  1161 | D:7      | Noticed a hungry ghost
  1196 | D:6      | Reached skill level 4 in Polearms
  1340 | D:4      | Noticed 4thArraOfDagon's ghost (weakling FoMo)
  1362 | D:4      | Killed 4thArraOfDagon's ghost
  1710 | D:4      | Reached skill level 5 in Polearms
  1710 | D:4      | Reached skill level 1 in Armour
  1710 | D:4      | Reached XP level 8. HP: 16/67 MP: 8/8
  1732 | D:3      | Noticed Jessica
  2186 | D:5      | Found Coycisol's Magic Scroll Shop.
  2190 | D:5      | Bought a scroll of identify for 30 gold pieces
  2190 | D:5      | Bought a scroll of identify for 30 gold pieces
  2213 | D:5      | Reached skill level 6 in Polearms
  2568 | D:7      | Reached XP level 9. HP: 65/72 MP: 9/9
  2751 | D:6      | Reached skill level 7 in Polearms
  3408 | D:7      | You fall through a shaft for 3 floors!
  3408 | D:10     | Entered Level 10 of the Dungeon
  3427 | D:10     | Noticed a two-headed ogre
  3630 | D:9      | Gained mutation: Armour fits poorly on your strangely shaped body. [potion of mutation]
  3630 | D:9      | Gained mutation: You have sharp toenails. [potion of mutation]
  3630 | D:9      | Gained mutation: Your mind is acute. (Int +2) [potion of mutation]
  3631 | D:9      | Lost mutation: Armour fits poorly on your strangely shaped body. [potion of mutation]
  3631 | D:9      | Lost mutation: You have sharp toenails. [potion of mutation]
  3631 | D:9      | Lost mutation: Your mind is acute. (Int +2) [potion of mutation]
  3631 | D:9      | Gained mutation: You evolve. [potion of mutation]
  3631 | D:9      | Gained mutation: You passively map a small area around you. [potion of mutation]
  3727 | D:8      | Noticed Grum
  3757 | D:8      | You fall through a shaft!
  4040 | D:9      | Reached skill level 8 in Polearms
  4249 | D:7      | Gained mutation: You are resistant to hostile enchantments. (MR+) [evolution]
  4274 | D:7      | NO TMEPLE\
  4298 | D:7      | Reached skill level 5 in Armour
  4436 | D:7      | You fall through a shaft for 3 floors!
  4549 | D:11     | Learned a level 1 spell: Apportation
  4597 | D:10     | Reached skill level 5 in Dodging
  4597 | D:10     | Reached XP level 10. HP: 65/79 MP: 10/10
  4671 | D:9      | Turgon: Hi
  4675 | D:8      | 4thArraOfDagon: hi
  4685 | D:8      | Turgon: killed your own ghost :-)
  4685 | D:8      | 4thArraOfDagon: hi
  4685 | D:8      | 4thArraOfDagon: oh
  4685 | D:8      | 4thArraOfDagon: nice haha, what was that, formici?
  4703 | D:7      | Reached skill level 9 in Polearms
  5096 | D:4      | Found a staircase to the Ecumenical Temple.
  5105 | Temple   | Entered the Ecumenical Temple
  5158 | Temple   | Became a worshipper of Gozag Ym Sagoz the Greedy
  5636 | D:2      | Found a glowing golden altar of the Shining One.
  6339 | D:3      | Killed Jessica
  6342 | D:3      | Reached skill level 1 in Shields
  6382 | D:3      | Killed Grinder
  6889 | D:7      | Found a basalt altar of Yredelemnul.
  7105 | D:8      | Found an ancient bone altar of Kikubaaqudgha.
  7122 | D:8      | Paralysed by fainting for 9 turns
  7132 | D:8      | Found a sacrificial altar of Ru.
  7241 | D:8      | Killed Grum
  7369 | D:9      | Reached skill level 10 in Polearms
  7369 | D:9      | Reached skill level 5 in Shields
  7402 | D:9      | Slain by a hornet

Vault maps used:
D:1:      grunt_arrival_crossed_arrows, serial_forest,
          infiniplex_forest_clump_small, infiniplex_forest_zigzag_2,
          infiniplex_forest_lined_room_3, infiniplex_forest_straight_3,
          infiniplex_forest_end_3
D:2:      tso_oasis_becter, gammafunk_temple_overflow_wave
D:3:      uniq_grinder, uniq_jessica
D:4:      lemuel_temple_firewalk_b, grunt_ministairs_4
D:5:      nicolae_dithmenos_the_darkroom, serial_shops, shop, first_bread,
          bloody_trog
D:7:      lemuel_mausoleum_altar_yredelemnul
D:8:      lemuel_crystal_altar, gammafunk_temple_overflow_statue,
          kennysheep_generic_room_10, uniq_grum
D:9:      kennysheep_windowed_halls, serial_glass, glass_columns_b,
          glass_columns_a, glass_columns_b, due_unseen_surprise,
          feat_on_display, hangedman_pestilent_swarm, item_on_display_a
D:11:     grunt_lair_entry_orc_guard_hut, kennysheep_generic_room_4,
          uniq_maurice, uniq_erica, uniq_nergalle
Temple:   nicolae_temple_great_sept

Skill      XL: |  1  2  3  4  5  6  7  8  9 10 |
---------------+-------------------------------+-----
Fighting       | 3 5 6 7 |  7.0
Polearms       | 1 3 5 6 8 10 | 10.0
Dodging        | 2 3 5 |  5.7
Armour         | 1 3 5 6 |  6.6
Shields        | 5 |  5.2
Throwing       | |  4.0
Stealth        | |  1.2

Action                   |  1- 3 |  4- 6 |  7- 9 | 10-12 || total
-------------------------+-------+-------+-------+-------++-------
Melee: Short sword       |    12 |       |       |       ||    12
       Halberd           |       |    23 |   308 |   323 ||   654
Throw: Javelin           |    15 |    20 |    11 |       ||    46
       Throwing net      |       |     6 |     1 |       ||     7
 Abil: Dig               |     1 |     2 |    29 |    31 ||    63
       Shaft Self        |     1 |     1 |     3 |       ||     5
Evoke: Wand              |       |       |       |     1 ||     1
  Use: Potion            |       |     3 |     2 |     3 ||     8
       Scroll            |       |       |     5 |       ||     5
 Stab: Sleeping          |       |       |     1 |       ||     1
       Distracted        |       |       |       |     2 ||     2
  Eat: Fruit             |       |     1 |       |     2 ||     3
       Chunk             |       |       |    10 |     3 ||    13
       Royal jelly       |       |       |     2 |     2 ||     4
       Meat ration       |       |       |     1 |     3 ||     4
Armor: Leather armour    |     2 |     2 |     5 |       ||     9
       Chain mail        |       |       |   161 |    88 ||   249
       Skin              |       |       |       |    26 ||    26
Dodge: Dodged            |     9 |    20 |   131 |    57 ||   217
Block: Other             |       |       |    14 |     1 ||    15
       Reflection        |       |       |     1 |     5 ||     6
       Shield            |       |       |       |   138 ||   138
